 Dungeon Crawl Stone Soup version 0.20-a0-217-g17e8ceb (webtiles) character file.

81 scalycharlatan the Ruffian (level 4, 40/40 HPs)
             Began as a Troll Transmuter on Nov 28, 2016.
             Starved to death
             ... on level 3 of the Dungeon on Nov 29, 2016.
             The game lasted 00:28:22 (2090 turns).

scalycharlatan the Ruffian (Troll Transmuter)       Turns: 2090, Time: 00:28:22

Health: 40/40      AC:  5    Str: 19    XL:     4   Next: 20%
Magic:  5/5        EV: 10    Int:  9    God:
Gold:   121        SH:  0    Dex: 10    Spells: 5/6 levels left

rFire  . . .     SeeInvis .       - Unarmed
rCold  . . .     Gourm    +     j - +0 robe
rNeg   . . .     Faith    .     (no shield)
rPois  .         Spirit   .     (helmet restricted)
rElec  .         Reflect  .     (no cloak)
rCorr  .         Harm     .     (gloves unavailable)
MR     .....                    (boots unavailable)
Stlth  ++........               (no amulet)
                                (no ring)
                                m - ring of stealth

@: fainting
A: unfitting armour, claws 3, fast metabolism 3, gourmand, regeneration 1,
shaggy fur 1, tough skin 2
a: no special abilities


You were on level 3 of the Dungeon.
You were fainting.

You visited 1 branch of the dungeon, and saw 3 of its levels.

You collected 121 gold pieces.

Inventory:

Missiles
 a - 36 arrows
 e - 4 large rocks (quivered)
 p - 5 javelins
 s - 132 stones
Armour
 j - a +0 robe (worn)
Jewellery
 m - a ring of stealth (left claw)
Scrolls
 d - a scroll of fear
 h - a scroll of identify
 i - a scroll of immolation
 w - a scroll of magic mapping
Potions
 b - a potion of flight
 f - 3 potions of heal wounds
 g - a potion of agility {unknown}
 k - a potion of curing
 l - a potion of magic {unknown}
Books
 c - a book of Changes

   Spells                             Type                      Level
   a - Beastly Appendage              Transmutation                1
   b - Sticks to Snakes               Transmutation                2
   c - Spider Form                    Transmutation/Poison         3
   d - Ice Form                       Ice/Transmutation            4
   e - Blade Hands                    Transmutation                5


   Skills:
 + Level 0.8 Fighting
 + Level 2.0 Dodging
 + Level 4.3 Unarmed Combat
 + Level 1.5 Spellcasting
 + Level 1.5 Transmutations


You had 5 spell levels left.
You knew the following spells:

 Your Spells              Type           Power        Failure   Level  Hunger
a - Beastly Appendage     Tmut           #.....       21%         1    ##.....


Dungeon Overview and Level Annotations

Branches:
Dungeon (3/15)

Altars:
Nemelex Xobeh
Xom


Innate Abilities, Weirdness & Mutations

You are too large for most types of armour.
You have claws for hands.
Your metabolism is lightning-fast.
You like to eat raw meat.
Your natural rate of healing is unusually fast.
You are covered in fur. (AC +1)
You have very tough skin. (AC +2)


Message History

You butcher the kobold corpse.
You see here a kobold corpse.
You butcher the kobold corpse.
You are fainting from starvation!
You aren't carrying any food.
You see here 3 inedible chunks of flesh.
n - 3 inedible chunks of flesh
There are no items here.
You see here an inedible chunk of flesh.
n - 4 inedible chunks of flesh (gained 1)
You drop 4 inedible chunks of flesh.
There is an open door here.
There is a stone staircase leading down here.
You climb downwards.
Found 3 needles of sleeping.
There is a stone staircase leading up here.
You lose consciousness!
You can move again.
You have starved to death.
You die...

#.# #.# #.# #.# #.#
###.# ..#.#
#######.#.#######
#....@#.#.......#.#
#.###.#.#.........#
###.#.#.###.#.###
#.........(.#.#
#.#.#.##.##.#.#
#.#.#.#<......#
#...#.#.###.###
#####.#.# #.# #.#.#
#.#


There were no monsters in sight!

Vanquished Creatures
  3 adders (D:2)
  3 dart slugs (D:1)
  2 leopard geckos (D:1)
  2 giant cockroaches (D:1)
  6 goblins
  5 hobgoblins
  4 jackals (D:2)
  10 kobolds
  A quokka (D:2)
  4 bats (D:1)
  4 frilled lizards
  4 rats
48 creatures vanquished.

Vanquished Creatures (others)
  A plant (D:1)
1 creature vanquished.

Grand Total: 49 creatures vanquished

Notes
Turn   | Place    | Note
-------+----------+-------------------------------------------
     0 | D:1      | scalycharlatan the Troll Transmuter began the quest for the Orb.
     0 | D:1      | Reached XP level 1. HP: 18/18 MP: 1/1
   130 | D:1      | Reached XP level 2. HP: 20/26 MP: 0/3
   561 | D:1      | Reached XP level 3. HP: 31/32 MP: 4/4
   902 | D:1      | Reached skill level 4 in Unarmed Combat
  1628 | D:2      | Reached XP level 4. HP: 28/40 MP: 5/5
  1796 | D:2      | Found a shimmering altar of Xom.
  1837 | D:2      | Found a sparkling altar of Nemelex Xobeh.
  1948 | D:2      | Paralysed by fainting for 5 turns
  2061 | D:3      | Paralysed by fainting for 5 turns
  2090 | D:3      | Starved to death

Vault maps used:
D:1:      minmay_arrival_hallway, interstate_on_off, lexackson_kobold_supper
D:2:      nicolae_overflow_hidden_temple, tso_oasis_becter, old_standard_altar
D:3:      first_bread, minmay_misc_feat_plants, uniq_crazy_yiuf_cottage

Skill      XL: |  1  2  3 |
---------------+----------+-----
Unarmed Combat | 4 |  4.3
Dodging        | 2 |  2.0
Fighting       | |  0.8
Spellcasting   | |  1.5
Transmutations | |  1.5

Action                   |  1- 3 |  4- 6 || total
-------------------------+-------+-------++-------
Melee: Unarmed           |   130 |    12 ||   142
       Punch             |     5 |     1 ||     6
       Kick              |     1 |       ||     1
       Headbutt          |     3 |       ||     3
 Cast: Beastly Appendage |     7 |       ||     7
  Use: Potion            |     4 |       ||     4
       Scroll            |     8 |       ||     8
 Stab: Sleeping          |     1 |     1 ||     2
  Eat: Chunk             |    11 |     1 ||    12
       Beef jerky        |     1 |       ||     1
Armor: Robe              |    68 |     7 ||    75
Dodge: Dodged            |    94 |     5 ||    99
